 Dungeon Crawl Stone Soup version 0.30-a0-632-g346586fe48 (webtiles) character file.

Game seed: 6081334570178307997

237428 mandoloar the Spry (level 20, -6/153 HPs)
             Began as a Djinni Conjurer on Jan 13, 2023.
             Was the Champion of Makhleb.
             Mangled by Zenata
             ... wielding a +2 bardiche of flaming
              (40 damage)
             ... on level 1 of the Vaults.
             The game lasted 03:08:56 (40940 turns).

mandoloar the Spry (Djinni Conjurer)               Turns: 40940, Time: 03:08:56

Health: -6/153     AC: 17    Str:  3 (5)  XL:     20   Next: 0%
Gold:   1641       EV: 14    Int: 41 (44) God:    Makhleb [******] SH:  7 Dex: 13

rFire   + + +      SeeInvis .    a - +9 hand axe "Death Rattle" {heavy, MP+9 Int+3}
rCold   . . .      Faith    .    R - +0 kite shield
rNeg    + . .      Spirit   .    Q - +3 acid dragon scales of Elitism {rPois rN+ Will+ rCorr}
rPois   ∞          Reflect  .    o - +2 helmet
rElec   .          Harm     .    L - scarf {rC+ rF+}
rCorr   +          Rampage  .    p - +1 pair of gloves
Will    +++..      Archmagi +    (boots unavailable)
Stlth   ++++                     s - amulet of Ibraf {Fly Regen+ Int+4}
HPRegen 1.25/turn                P - ring of the Mage {Wiz Archmagi}
MPRegen 0.00/turn                M - +6 ring of intelligence

@: flying
A: sickness immunity, fire resistance 2, cold vulnerability 1, float, innate
caster, HP casting, extra vitality 1, clever 1
}: 2/15 runes: decaying, gossamer
a: Renounce Religion, Minor Destruction, Lesser Servant of Makhleb, Major
Destruction, Greater Servant of Makhleb


You were on level 1 of the Vaults.
You worshipped Makhleb.
Makhleb was exalted by your worship.
You visited 7 branches of the dungeon, and saw 32 of its levels.
You also visited: Ice Cave.

You collected 3495 gold pieces.
You spent 1854 gold pieces at shops.

Inventory:

Hand Weapons
 a - the +9 hand axe "Death Rattle" (weapon) {heavy, MP+9 Int+3}
   (You found it on level 10 of the Dungeon)

   Int:       It affects your intelligence (+3).
   MP:        It affects your magic capacity (+9).
 b - the +6 dagger of Disharmony {spect, rPois rF+ Str+3 Int+2}
   (You found it on level 3 of the Dungeon)

   Str:       It affects your strength (+3).
   Int:       It affects your intelligence (+2).
   rF:        It protects you from fire.
   rPois:     It protects you from poison.
Missiles
 F - a throwing net
Armour
 o - a +2 helmet (worn)
 p - a +1 pair of gloves (worn)
 L - a scarf of resistance (worn)
 Q - the +3 acid dragon scales of Elitism (worn) {rPois rN+ Will+ rCorr}
   (You bought it in a shop on level 2 of the Orcish Mines)

   rPois:     It protects you from poison.
   rN:        It protects you from negative energy.
   rCorr:     It protects you from acid and corrosion.
   Will:      It increases your willpower.
 R - a +0 kite shield (worn)
Jewellery
 c - a ring of willpower
 h - a +4 ring of protection
 s - the amulet of Ibraf (around neck) {Fly Regen+ Int+4}
   (You found it on level 4 of the Dungeon)

   [amulet of regeneration]

   Int:       It affects your intelligence (+4).
   Fly:       It grants you flight.
   Regen:     It increases your rate of health regeneration.
 y - a ring of willpower
 M - a +6 ring of intelligence (right hand)
 P - the ring of the Mage (left hand) {Wiz Archmagi}
   (You bought it in a shop on level 2 of the Orcish Mines)

   [ring of wizardry]

   It improves your spell success rate.
   Archmagi:  It increases the power of your magical spells.
 S - the amulet "Puimitz" {RegenMP Regen+}
   (You found it on level 2 of the Swamp)

   [amulet of magic regeneration]

   It increases your rate of magic regeneration.
   Regen:     It increases your rate of health regeneration.
 T - a ring of protection from fire
 U - a +6 ring of intelligence
Wands
 l - a wand of mindburst (26)
 q - a wand of flame (55)
 r - a wand of charming (43)
 t - a wand of digging (12)
 v - a wand of polymorph (23)
 C - a wand of light (14)
 J - a wand of roots (13)
Scrolls
 d - a scroll of blinking
 m - 9 scrolls of teleportation
 u - 7 scrolls of enchant armour
 w - 3 scrolls of silence
 x - 2 scrolls of enchant weapon
 A - 2 scrolls of fear
 E - 6 scrolls of magic mapping
 H - 3 scrolls of poison
 I - 11 scrolls of identify
 K - a scroll of brand weapon
 O - a scroll of summoning
Potions
 e - 5 potions of attraction
 g - 10 potions of brilliance
 i - 9 potions of lignification
 j - 8 potions of curing
 k - 4 potions of berserk rage
 n - 5 potions of haste
 z - 4 potions of mutation
 B - 3 potions of cancellation
 D - 8 potions of resistance
 G - 5 potions of ambrosia
 N - 2 potions of invisibility
 V - a potion of heal wounds
 W - a potion of might


   Skills:
 + Level 16.4 Fighting
 + Level 9.7 Armour
 + Level 18.0 Dodging
 - Level 10.0 Stealth
 + Level 14.2 Spellcasting
 - Level 13.0 Invocations


You couldn't memorise any spells.
You knew the following spells:

 Your Spells              Type           Power      Damage    Failure   Level
a - Magic Dart            Conj           100%       1d8       1%          1
b - Searing Ray           Conj           100%       2d8       1%          2
c - Dazzling Flash        Conj/Hex       100%       N/A       1%          3
d - Fulminant Prism       Conj/Hex       60%        3d26      1%          4
e - Iskenderun's Mystic   Conj/Tloc      100%       2d19      1%          4
f - Slow                  Hex            100%       N/A       1%          1
g - Static Discharge      Conj/Air       100%       2-7/arc   1%          2
h - Tukima's Dance        Hex            100%       N/A       1%          3
i - Petrify               Tmut/Erth      100%       N/A       1%          4
j - Summon Ice Beast      Ice/Summ       100%       N/A       1%          4
k - Irradiate             Conj/Tmut      60%        3d31      1%          5
l - Iron Shot             Conj/Erth      60%        9d11      1%          6
m - Dispersal             Tloc           60%        N/A       1%          6
n - Death Channel         Necr           60%        N/A       1%          6
Your spell library was empty.

Dungeon Overview and Level Annotations

Branches:
Dungeon (15/15)            Temple (1/1) D:7            Lair (5/5) D:9
  Swamp (4/4) Lair:2       Spider (4/4) Lair:3        Slime (0/5) Lair:5
    Orc (2/2) D:12            Elf (0/3) Orc:2        Vaults (1/5) D:13
 Depths (0/4) D:15          IceCv (visited)

Altars:
Ashenzari
Cheibriados
Dithmenos
Elyvilon
Fedhas
Gozag
Hepliaklqana
Makhleb
Nemelex Xobeh
Okawaru
Qazlal
Ru
Trog
Uskayaw
Wu Jian
Xom
Yredelemnul
Zin
The Shining One
Jiyva

Shops:
Orc:2 [*(=

Portals:
Trove: D:14 (give +3 gold dragon scales)

Annotations:
D:13 2 runed translucent doors
Vaults:1 Zenata


Innate Abilities, Weirdness & Mutations

You are immune to sickness and miasma.
You are immune to poison.
Your flesh is very heat resistant. (rF++)
You are vulnerable to cold. (rC-)
You float through the air rather than walking.
You learn spells naturally, not from books.
Your magical power is your life essence.
You have superior vitality. (+4 MHP)
Your mind is acute. (Int +4, Str/Dex -1)


Message History

Press: ? - help, Shift-Dir - straight line, f/p - Zenata
Aim: Zenata, wielding a +2 bardiche of flaming and wearing a +0 leather armour (lightly wounded, 81% to hit)
You feel a surge of power!
The iron shot hits Zenata!!!
Zenata is severely wounded.
The +1 glaive of freezing misses you.
The +1 glaive of freezing hits you from afar!!
The +1 glaive of freezing freezes you. Zenata misses you.
The +1 glaive of freezing hits you from afar!!
The +1 glaive of freezing freezes you!
Zenata hits you from afar with a +2 bardiche of flaming.
* * * LOW HITPOINT WARNING * * *
Casting: Iron Shot (mildly dangerous; 1% risk of failure)
Confirm with . or Enter, or press ? or * to list all spells.
Aiming: Iron Shot (mildly dangerous; 1% risk of failure)
Press: ? - help, Shift-Dir - straight line, f/p - Zenata
Aim: Zenata, wielding a +2 bardiche of flaming and wearing a +0 leather armour (severely wounded, 81% to hit)
You feel a surge of power!
The iron shot misses Zenata.
* * * LOW HITPOINT WARNING * * *
The +2 trident of protection hits you from afar.
* * * LOW HITPOINT WARNING * * *
You block the +1 glaive of freezing's attack.
The +2 trident of protection hits you from afar.
* * * LOW HITPOINT WARNING * * *
You block the +1 glaive of freezing's attack.
Zenata hits you but does no damage.
The +2 trident of protection hits you from afar.
* * * LOW HITPOINT WARNING * * *
The +2 trident of protection hits you from afar.
* * * LOW HITPOINT WARNING * * *
The +1 glaive of freezing closely misses you.
You block Zenata's attack.
You feel much better.
The +2 trident of protection hits you but does no damage.
The +1 glaive of freezing hits you from afar!!
* * * LOW HITPOINT WARNING * * *
The +1 glaive of freezing freezes you.
* * * LOW HITPOINT WARNING * * *
The +2 trident of protection hits you but does no damage.
Zenata hits you from afar with a +2 bardiche of flaming!!!
You die...

#..>....#
#.......#####+####++#######+
#.......'......##.............
#......[#......##.............
#.......#......##......>......
#.......#......##.............
#######'###...a((##.............
.........##......##.............
......T..##.....@##...∩.........
........*##......##.............
......)..##......##.............
.........##......##.............
.........#######'####'######+##+
.........# #.........#
####[##### #.........# [..
#.........# )###. #.........#


You could see Zenata and 2 dancing weapons.

Vanquished Creatures
  2 tentacled monstrosities (Swamp:4)
  Jorgrun (D:14)
  Frances (Swamp:2)
  2 thorn hunters
  Donald (Spider:2)
  The ghost of mandoloar the Severer, a journeyman MiFi of Okawaru (Swamp:2)
  7 fenstrider witches
  The ghost of Iich the Severer, a journeyman DsFi of Okawaru (Swamp:2)
  Aizul (Spider:2)
  4 ghost moths (Spider:4)
  9 emperor scorpions (Spider:4)
  An orc warlord (Orc:2)
  2 broodmothers (Spider:4)
  2 ironbound preservers (Vaults:1)
  Nessos (D:13)
  A bunyip (Swamp:4)
  A spark wasp (Spider:2)
  A blizzard demon (Swamp:4)
  7 entropy weavers
  A green death (Swamp:4)
  2 shambling mangroves
  Josephine (D:11)
  A yaktaur captain (Vaults:1)
  14 hydras
  3 ogre magi
  4 centaur warriors
  2 ghost crabs
  2 ironbound frosthearts (IceCv)
  5 radroaches
  A jorogumo (Spider:1)
  8 boulder beetles
  7 alligators
  4 two-headed ogres
  7 death yaks (IceCv)
  A tengu warrior (D:13)
  2 orc high priests (Orc:2)
  2 soul eaters (Swamp:4)
  Nergalle (Orc:2)
  5 deep trolls (Vaults:1)
  13 goliath frogs
  A sixfirhy (Swamp:4)
  7 pharaoh ants
  17 skeletal warriors
  3 bog bodies
  10 orb spiders
  11 spriggan druids
  3 swamp dragons
  3 lindwurms (Vaults:1)
  6 orc knights
  9 steelbarb worms
  A necromancer (D:15)
  8 ugly things
  6 wizards
  A deep elf zephyrmancer (Swamp:4)
  3 manticores
  4 deep elf pyromancers
  A cyclops (shapeshifter) (D:14)
  5 will-o-the-wisps
  20 wolf spiders
  3 cyclopes
  6 orc sorcerers
  7 moths of wrath
  A centaur zombie (D:15)
  An ice statue (IceCv)
  3 slime creatures (D:14)
  6 elephants (Lair:2)
  Joseph (D:10)
  2 black mambas (Lair:5)
  3 centaur skeletons (D:15)
  2 torpor snails
  7 demonic crawlers
  A naga mage (D:15)
  An orange demon (Swamp:4)
  A gargoyle (D:13)
  20 cane toads
  4 rime drakes
  A komodo dragon (shapeshifter) (D:15)
  7 komodo dragons
  A kobold demonologist (D:9)
  6 trolls
  6 meliai
  A hellwing (Swamp:4)
  12 polar bears
  2 bloated husks
  11 tyrant leeches
  12 hornets
  A wind drake (shapeshifter) (D:15)
  18 blink frogs (Lair:5)
  26 tarantellas
  29 jumping spiders
  11 dream sheep
  5 centaur simulacra
  16 culicivoras
  7 wraiths
  A shadow (D:13)
  10 spriggans
  A wyvern (Lair:5)
  5 basilisks
  59 yaks
  Eustachio (D:5)
  16 vampire mosquitoes
  52 redbacks
  A neqoxec (Swamp:4)
  Menkaure (D:5)
  6 wargs
  An acid dragon (D:9)
  16 swamp worms
  A floating eye (Orc:1)
  2 swamp drakes
  6 water moccasins
  3 ice beasts (D:7)
  29 orc warriors
  2 meliai simulacra (D:7)
  3 sky beasts
  2 black bears
  8 ogres
  32 wolves
  10 centaurs
  A phantom (D:4)
  3 kobold brigands
  21 bullfrogs
  4 gnoll sergeants
  4 necrophages
  2 scorpions (D:5)
  4 killer bees (D:8)
  3 electric eels
  2 howler monkeys
  4 hounds
  A lava snake (D:11)
  2 jellies
  17 orc priests
  2 gnoll boudas
  4 iguanas
  Ijyb (D:5)
  24 orc wizards
  Natasha (thrice) (D:4)
  9 hell rats
  27 gnolls
  6 adders
  A shadow imp (D:6)
  3 white imps
  3 ufetubi
  4 worms
  4 dart slugs
  52 orcs
  10 ball pythons
  9 bats
  An endoplasm (D:4)
  2 giant cockroaches
  6 goblins
  6 hobgoblins
  2 jackals (D:4)
  19 kobolds
  5 quokkas
  A frilled lizard (D:3)
  6 rats
  A fulminant prism (IceCv)
1039 creatures vanquished.

Vanquished Creatures (collateral kills)
  A two-headed ogre (D:10)
  A polar bear (Lair:2)
  5 yaks
  A water moccasin (Lair:2)
  3 orc warriors (D:10)
  A swamp drake (Lair:2)
  An ogre (D:10)
  A centaur (D:13)
  3 bullfrogs (Lair:1)
  6 killer bees (D:10)
  An orc priest (D:10)
  A hell rat (Lair:1)
  20 orcs
  4 kobolds (D:10)
49 creatures vanquished.

Vanquished Creatures (others)
  A goliath frog (Swamp:3)
  A dancing weapon (D:13)
  A dart slug (D:3)
  28 foxfires
  720 fulminant prisms
  52 fungi
  173 plants
  5 toadstools (D:8)
  6 withered plants (Swamp:2)
987 creatures vanquished.

Grand Total: 2075 creatures vanquished

Notes
Turn   | Place    | Note
-------+----------+-------------------------------------------
     0 | D:1      | mandoloar the Djinni Conjurer began the quest for the Orb.
     0 | D:1      | mandoloar set off with the following spells memorised:
                  | Magic Dart, Searing Ray, Dazzling Flash, Fulminant Prism,
                  | Iskenderun's Mystic Blast.
     0 | D:1      | Reached XP level 1. HP: 15/15 MP: 0/0
   250 | D:1      | Reached XP level 2. HP: 8/21 MP: 0/0
   852 | D:1      | Reached XP level 3. HP: 17/25 MP: 0/0
   852 | D:1      | Learned a level 1 spell: Slow
  1213 | D:2      | Reached XP level 4. HP: 25/31 MP: 0/0
  1462 | D:2      | Found a shimmering altar of Xom.
  1976 | D:3      | Identified the +8 whip of Emeduel {protect, Will+ Dex+3}
  2099 | D:3      | Identified the +6 dagger of Disharmony {spect, rPois rF+
                  | Str+3 Int+2}
  3435 | D:4      | Noticed a phantom
  3445 | D:4      | Killed a phantom
  3446 | D:4      | Reached skill level 5 in Spellcasting
  3446 | D:4      | Reached XP level 5. HP: 24/35 MP: 0/0
  3446 | D:4      | Learned a level 2 spell: Static Discharge
  3520 | D:4      | Noticed Natasha
  3533 | D:4      | Killed Natasha
  3534 | D:4      | Reached XP level 6. HP: 28/40 MP: 0/0
  3746 | D:4      | Noticed an ogre
  3886 | D:4      | Noticed a sky beast
  3957 | D:4      | Noticed Natasha
  3967 | D:4      | Killed Natasha
  4105 | D:5      | Entered Level 5 of the Dungeon
  4337 | D:4      | Killed a sky beast
  4573 | D:4      | Reached XP level 7. HP: 43/45 MP: 0/0
  4573 | D:4      | Learned a level 3 spell: Tukima's Dance
  4789 | D:4      | Noticed Natasha
  4792 | D:4      | Killed Natasha
  4829 | D:4      | Reached skill level 1 in Fighting
  5366 | D:4      | Identified the amulet of Ibraf {Fly Regen+ Int+4}
  5745 | D:5      | Reached skill level 3 in Dodging
  5761 | D:5      | Noticed Eustachio
  5780 | D:5      | Killed Eustachio
  5781 | D:5      | Reached XP level 8. HP: 37/55 MP: 0/0
  5891 | D:5      | Reached skill level 4 in Dodging
  6777 | D:5      | Noticed Ijyb
  6783 | D:5      | Killed Ijyb
  6892 | D:5      | Found a snail-covered altar of Cheibriados.
  6979 | D:5      | Reached XP level 9. HP: 43/62 MP: 0/0
  6979 | D:5      | Learned a level 4 spell: Petrify
  7099 | D:5      | Noticed Menkaure
  7102 | D:5      | Killed Menkaure
  7103 | D:5      | Reached skill level 5 in Dodging
  7253 | D:5      | Found a stormy altar of Qazlal.
  8599 | D:7      | Found a sacrificial altar of Ru.
  8600 | D:7      | Found an opulent altar of Gozag.
  8600 | D:7      | Found a shadowy altar of Dithmenos.
  8696 | D:7      | Reached skill level 6 in Dodging
  8751 | D:7      | Reached skill level 5 in Fighting
  8782 | D:7      | Found a staircase to the Ecumenical Temple.
  8822 | D:7      | Reached skill level 5 in Stealth
  8851 | Temple   | Entered the Ecumenical Temple
  8857 | Temple   | Became a worshipper of Makhleb the Destroyer
  8895 | D:7      | Found a transporter.
  9022 | D:7      | Found a transporter.
  9061 | D:7      | Reached XP level 10. HP: 11/70 MP: 0/0
  9658 | D:8      | Reached skill level 7 in Dodging
  9700 | D:8      | Reached * piety under Makhleb
 10465 | D:9      | Noticed a kobold demonologist
 10470 | D:9      | Killed a kobold demonologist
 10471 | D:9      | Reached skill level 8 in Dodging
 10530 | D:9      | Found a hazy altar of Hepliaklqana.
 10568 | D:9      | Reached XP level 11. HP: 79/79 MP: 0/0
 10568 | D:9      | Learned a level 4 spell: Summon Ice Beast
 10570 | D:9      | Reached ** piety under Makhleb
 11004 | D:9      | Found a staircase to the Lair.
 11022 | D:9      | Found a hide-covered altar of Uskayaw.
 11630 | D:10     | Entered Level 10 of the Dungeon
 11640 | D:10     | Noticed a two-headed ogre
 11651 | D:10     | Killed a two-headed ogre
 11652 | D:10     | Reached skill level 9 in Dodging
 11737 | D:10     | Noticed a two-headed ogre
 11751 | D:10     | Killed a two-headed ogre
 11916 | D:10     | Reached *** piety under Makhleb
 12000 | D:10     | Noticed a two-headed ogre
 12028 | D:10     | Killed a two-headed ogre
 12307 | D:10     | Noticed Joseph
 12330 | D:10     | Killed Joseph
 12331 | D:10     | Reached skill level 10 in Dodging
 12741 | D:10     | Identified the +9 hand axe "Death Rattle" {heavy, MP+9
                  | Int+3}
 13012 | D:10     | Found a broken altar of Ashenzari.
 13085 | Lair:1   | Entered Level 1 of the Lair of Beasts
 13335 | Lair:1   | Reached XP level 12. HP: 88/89 MP: 0/0
 14008 | Lair:2   | Reached skill level 1 in Invocations
 14026 | Lair:1   | Reached **** piety under Makhleb
 15141 | Lair:2   | Reached skill level 11 in Dodging
 15437 | Lair:2   | Reached skill level 10 in Fighting
 15561 | Lair:2   | Found a staircase to the Swamp.
 16476 | Lair:3   | Reached skill level 10 in Spellcasting
 16476 | Lair:3   | Reached XP level 13. HP: 96/96 MP: 0/0
 16476 | Lair:3   | Learned a level 5 spell: Irradiate
 16986 | Lair:3   | Found a hole to the Spider Nest.
 17356 | Lair:4   | Reached ***** piety under Makhleb
 17648 | Lair:4   | Reached skill level 5 in Invocations
 17791 | Lair:5   | Entered Level 5 of the Lair of Beasts
 17845 | Lair:5   | Found a gate leading to a gauntlet.
 17882 | Lair:5   | Noticed an eight-headed hydra
 17888 | Lair:5   | Killed an eight-headed hydra
 18068 | Lair:5   | Reached skill level 12 in Dodging
 18248 | Lair:5   | Reached XP level 14. HP: 84/105 MP: 0/0
 18405 | Lair:5   | Found a viscous altar of Jiyva.
 18405 | Lair:5   | Found a staircase to the Slime Pits.
 19483 | D:11     | Reached skill level 13 in Dodging
 19490 | D:11     | Found a frozen archway.
 19500 | IceCv    | Entered an ice cave
 20096 | IceCv    | Reached ****** piety under Makhleb
 21486 | IceCv    | Reached skill level 1 in Armour
 21517 | IceCv    | Gained mutation: You are clumsy. (Dex -2) [mutagenic glow]
 21820 | D:11     | Reached XP level 15. HP: 113/113 MP: 0/0
 21820 | D:11     | Learned a level 6 spell: Iron Shot
 21871 | D:11     | Noticed Josephine
 21879 | D:11     | Killed Josephine
 23181 | D:12     | Found a staircase to the Orcish Mines.
 23450 | D:13     | Noticed Nessos
 23753 | D:13     | Found a runed translucent door.
 23848 | D:13     | Reached skill level 14 in Dodging
 23916 | D:13     | Noticed a tengu reaver
 23919 | D:13     | Found a runed translucent door.
 24022 | D:13     | Found a gate to the Vaults.
 24947 | D:13     | Killed Nessos
 25559 | D:13     | Noticed an iron giant
 25559 | D:13     | Noticed a sphinx
 25559 | D:13     | a sphinx changed into a death yak
 25689 | D:13     | Noticed a shadow dragon
 25974 | D:7      | w
 25982 | D:7      | Identified the +3 pair of boots of Exom {Dex+9}
 26165 | D:13     | Noticed a quicksilver ooze
 26165 | D:13     | a quicksilver ooze changed into a catoblepas
 26588 | D:14     | Noticed Jorgrun
 26609 | D:14     | Killed Jorgrun
 27147 | D:14     | Found a portal to a secret trove of treasure.
 27367 | D:15     | Entered Level 15 of the Dungeon
 27414 | D:15     | Reached XP level 16. HP: 89/121 MP: 0/0
 27685 | D:15     | Reached skill level 5 in Armour
 27785 | D:15     | Gained mutation: You are dopey. (Int -2) [mutagenic glow]
 28171 | D:15     | Found a staircase to the Depths.
 28365 | D:15     | Reached skill level 10 in Invocations
 28623 | Orc:1    | Entered Level 1 of the Orcish Mines
 28857 | Orc:2    | Entered Level 2 of the Orcish Mines
 29005 | Orc:2    | Found a staircase to the Elven Halls.
 29166 | Orc:2    | Noticed Nergalle
 29179 | Orc:2    | Killed Nergalle
 29685 | Orc:2    | Found Nuneagid's Antique Weapon Boutique.
 29694 | Orc:2    | Found Wywkuara's Jewellery Boutique.
 29836 | Orc:2    | Found Laprit's Antique Armour Boutique.
 29849 | Orc:2    | Found Hoschaec's General Store.
 30157 | Orc:2    | Bought the ring of the Mage {Wiz Archmagi} for 714 gold
                  | pieces
 30157 | Orc:2    | Found the ring of the Mage {Wiz Archmagi}
 30176 | Orc:2    | Bought the +3 acid dragon scales of Elitism {rPois rN+
                  | Will+ rCorr} for 1140 gold pieces
 30384 | Swamp:1  | Entered Level 1 of the Swamp
 30423 | Swamp:1  | Reached skill level 15 in Dodging
 30519 | Swamp:1  | Reached skill level 10 in Stealth
 30595 | Swamp:1  | Reached XP level 17. HP: 117/128 MP: 0/0
 30595 | Swamp:1  | Learned a level 6 spell: Dispersal
 31398 | Swamp:2  | Noticed Frances
 31413 | Swamp:2  | Killed Frances
 31494 | Swamp:2  | Found a runed translucent gate.
 31494 | Swamp:2  | Found a runed translucent gate.
 31494 | Swamp:2  | Found a runed translucent gate.
 31497 | Swamp:2  | Noticed Iich's ghost (journeyman DsFi)
 31504 | Swamp:2  | Noticed mandoloar's ghost (journeyman MiFi)
 32076 | Swamp:2  | Killed mandoloar's ghost
 32200 | Swamp:2  | Killed Iich's ghost
 32272 | Swamp:2  | Identified the amulet "Puimitz" {RegenMP Regen+}
 33089 | Swamp:3  | Noticed a thorn hunter
 33100 | Swamp:3  | Killed a thorn hunter
 33698 | Swamp:4  | Entered Level 4 of the Swamp
 34027 | Swamp:4  | Reached skill level 16 in Dodging
 34100 | Swamp:4  | Noticed a tentacled monstrosity
 34116 | Swamp:4  | Killed a tentacled monstrosity
 34252 | Swamp:4  | Noticed a tentacled monstrosity
 34266 | Swamp:4  | Killed a tentacled monstrosity
 34267 | Swamp:4  | Reached XP level 18. HP: 131/136 MP: 0/0
 34593 | Swamp:4  | Reached skill level 15 in Fighting
 34950 | Swamp:4  | Got a decaying rune of Zot
 35219 | Spider:1 | Entered Level 1 of the Spider Nest
 35229 | Lair:3   | Gained mutation: You are very clumsy. (Dex -4) [mutagenic
                  | glow]
 35265 | Spider:1 | Gained mutation: You are weak. (Str -2) [mutagenic glow]
 35729 | Spider:1 | Identified the +1 chain mail of Weightlessness {*Slow
                  | +Blink Int+3}
 35749 | Spider:1 | Gained mutation: You have hidden genetic defects.
                  | [mutagenic glow]
 36178 | Spider:2 | Noticed Aizul
 36184 | Spider:2 | Killed Aizul
 36370 | Spider:2 | Gained mutation: You occasionally lose the ability to drink
                  | potions when taking damage. [mutagenic glow]
 36468 | Spider:2 | Gained mutation: Your spells are a little easier to cast,
                  | but a little less powerful. [hidden defects]
 36755 | Spider:2 | Reached skill level 17 in Dodging
 36767 | Spider:2 | Lost mutation: You occasionally lose the ability to drink
                  | potions when taking damage. [mutagenic glow]
 37129 | Spider:2 | Noticed Donald
 37139 | Spider:2 | Killed Donald
 37353 | Spider:3 | Reached XP level 19. HP: 138/143 MP: 0/0
 37353 | Spider:3 | Learned a level 6 spell: Death Channel
 37532 | Spider:3 | Found the +9 staff of Wucad Mu {*channel}
 37572 | Spider:3 | Gained mutation: You are frail. (-10% HP) [hidden defects]
 37572 | Spider:3 | Lost mutation: You have hidden genetic defects. [hidden
                  | defects expressed]
 37806 | Spider:4 | Entered Level 4 of the Spider Nest
 38500 | Spider:4 | Gained mutation: You occasionally shout uncontrollably at
                  | your foes. [mutagenic glow]
 38626 | Spider:4 | Lost strength.
 39265 | Lair:3   | Lost mutation: You are frail. (-10% HP) [potion of
                  | mutation]
 39265 | Lair:3   | Lost mutation: You occasionally shout uncontrollably at
                  | your foes. [potion of mutation]
 39265 | Lair:3   | Lost mutation: You are very clumsy. (Dex -4) [potion of
                  | mutation]
 39265 | Lair:3   | Lost mutation: You are dopey. (Int -2) [potion of mutation]
 39265 | Lair:3   | Gained mutation: You are very weak. (Str -4) [potion of
                  | mutation]
 39265 | Lair:3   | Gained mutation: Your mind is acute. (Int +4, Str/Dex -1)
                  | [potion of mutation]
 39273 | Lair:3   | Lost mutation: Your mind is acute. (Int +4, Str/Dex -1)
                  | [potion of mutation]
 39273 | Lair:3   | Lost mutation: You are very weak. (Str -4) [potion of
                  | mutation]
 39273 | Lair:3   | Gained mutation: You occasionally shout uncontrollably at
                  | your foes. [potion of mutation]
 39376 | Lair:3   | Lost mutation: Your spells are a little easier to cast, but
                  | a little less powerful. [potion of mutation]
 39376 | Lair:3   | Lost mutation: You are weak. (Str -2) [potion of mutation]
 39376 | Lair:3   | Lost mutation: You are clumsy. (Dex -2) [potion of
                  | mutation]
 39376 | Lair:3   | Gained mutation: You are partially covered in iridescent
                  | scales. (AC +2) [potion of mutation]
 39376 | Lair:3   | Gained mutation: You have hidden genetic potential. [potion
                  | of mutation]
 39801 | Spider:4 | Gained mutation: You do not regenerate when monsters are
                  | visible. [mutagenic glow]
 39813 | Spider:4 | Lost mutation: You have hidden genetic potential.
                  | [mutagenic glow]
 39834 | Spider:4 | Gained mutation: You are clumsy. (Dex -2) [mutagenic glow]
 40284 | Spider:4 | Got a gossamer rune of Zot
 40584 | Lair:3   | Lost mutation: You are partially covered in iridescent
                  | scales. (AC +2) [potion of mutation]
 40584 | Lair:3   | Lost mutation: You are clumsy. (Dex -2) [potion of
                  | mutation]
 40584 | Lair:3   | Lost mutation: You occasionally shout uncontrollably at
                  | your foes. [potion of mutation]
 40584 | Lair:3   | Gained mutation: You have sharp fingernails. [potion of
                  | mutation]
 40584 | Lair:3   | Gained mutation: You are robust. (+10% HP) [potion of
                  | mutation]
 40586 | Lair:3   | Lost mutation: You do not regenerate when monsters are
                  | visible. [potion of mutation]
 40586 | Lair:3   | Lost mutation: You are robust. (+10% HP) [potion of
                  | mutation]
 40586 | Lair:3   | Lost mutation: You have sharp fingernails. [potion of
                  | mutation]
 40586 | Lair:3   | Gained mutation: You are occasionally teleported next to
                  | monsters. [potion of mutation]
 40586 | Lair:3   | Gained mutation: You have a pair of small horns on your
                  | head. [potion of mutation]
 40587 | Lair:3   | Lost mutation: You have a pair of small horns on your head.
                  | [potion of mutation]
 40587 | Lair:3   | Lost mutation: You are occasionally teleported next to
                  | monsters. [potion of mutation]
 40587 | Lair:3   | Gained mutation: Your mind is acute. (Int +4, Str/Dex -1)
                  | [potion of mutation]
 40784 | Vaults:1 | Entered Level 1 of the Vaults
 40894 | Vaults:1 | Reached skill level 18 in Dodging
 40905 | Vaults:1 | Noticed Zenata
 40924 | Vaults:1 | Reached XP level 20. HP: 147/153 MP: 0/0
 40940 | Vaults:1 | Mangled by Zenata

Illustrated notes

............#........###.........
............'...©.....#..#...[#..
............#########.#..#...[#..
###.........#○.○.°.°#.#..#....#..
#.........#○○.○.°○#.#.......#..
#.........#.○#©#°.#.#.##...##..
#.........#°.....°#.#....#..#..
#.........#°.#.#.☼#.###.###.#..
###########°°.@.○○#...........#
####°°°####....##....#
#.○○.°..°.#.#####..... ####
#°°..○○.°°#..# #....# ...#
#○○°...☼○○##.# #..... ...#
#○○☼$![.○°##.# #....# ...#
#°○.!©$○○°##.# #....#
...####################.## #....#
...+..........#.©.# ###..###....#


Turn 25974 on D:7: w

Levels and vault maps discovered:
D:1:      ncdulo_smallfort, layout_loops_cross
D:2:      layout_rooms, basic_altar, minmay_liquid_box
D:3:      layout_loops_ring, led_sif_pool, lemuel_flame_loot_1
D:4:      layout_gridville, cheibrodos_sewer_entry_bend, minmay_starry_boxes,
          uniq_natasha
D:5:      layout_rooms, general_overflow_altar, nicolae_qazlal_eye_of_the_storm,
          chequers_serial_rivers_room_b, uniq_ijyb, uniq_eustachio,
          uniq_menkaure
D:6:      layout_rooms
D:7:      gammafunk_cloud_chamber, layout_basic,
          chequers_temple_overflow_statue_of_worship,
          minmay_temple_entry_stoned_glass, minmay_misc_feat_secret_circle,
          minmay_diced_spiral
D:8:      layout_cave_pools, minmay_misc_feat_cross, minmay_gold_behind_fungi,
          worms_lemuel
D:9:      layout_roguey, mainiacjoe_overflow_cross_hatched,
          jmf_multi_god_temple, lair_entry_dummy
D:10:     layout_roguey [special_room_orc], mainiacjoe_overflow_alcove_1,
          nicolae_vehumet_radiance, hangedman_abyss_or_decor_lesser_grid,
          minmay_sticks_and_stones
D:11:     layout_roguey, portal_ice_cave_entry_pillars_1,
          kennysheep_generic_room_3, uniq_josephine
D:12:     layout_layer_cave, minmay_orc_entry_guard_dogs
D:13:     minmay_expanding_circles, layout_basic, david_vaults_1, uniq_nessos
D:14:     layout_loops_ring, kennysheep_doodads, trove_entry_hex_spiral,
          uniq_jorgrun
D:15:     grunt_enter_depths_magical_seal, layout_irregular_city,
          serial_bayou_pond_b
Temple:   minmay_freezing_vapour_temple
Lair:1:   layout_regular_city
Lair:2:   layout_chaotic_city, minmay_swamp_entry_reptiles, serial_forest,
          infiniplex_forest_corner_2, infiniplex_forest_corner_1,
          infiniplex_forest_clump_long, infiniplex_forest_corner_1,
          infiniplex_forest_end_double, infiniplex_forest_clump_small,
          grunt_megastairs_4
Lair:3:   layout_long_grid, nicolae_spider_entry_orb_guardian
Lair:4:   layout_gridlike
Lair:5:   minmay_lair_end_frog_pond, layout_concentric_octagons, slime_entry_1,
          gauntlet_entry_generic, lemuel_fruit_tree
Swamp:1:  layout_basic_swamp, evilmike_swamp_ruin_rubble_1, swamp_pool2
Swamp:2:  layout_basic_swamp, gammafunk_ghost_cemetery, serial_swamp_ruin,
          evilmike_swamp_ruin_house_6, evilmike_swamp_ruin_wall, uniq_frances
Swamp:3:  layout_basic_swamp, evilmike_swamp_ruin_house_3
Swamp:4:  nzn_swamp_witches_coven, layout_basic_swamp, swamp_pool2
Spider:1: nicolae_spider_mines_2
Spider:2: layout_spider_delve, uniq_aizul, uniq_donald
Spider:3: layout_spider_delve
Spider:4: grunt_spider_rune_circles, nicolae_spider_some_kinda_spiderbox
Orc:1:    hellmonk_paralyzer, layout_diamond_mine, nicolae_orc_tapped_out
Orc:2:    grunt_orc_cross, layout_caves
Vaults:1: nicolae_vaults_circle_grid_b, nicolae_vaults_halls_meeting,
          dpeg_vaults_monster_box, ontoclasm_vaults_eye, v_misc_14,
          ontoclasm_vaults_chip, layout_vaults_maze_bifur, serial_shops, shop,
          uniq_zenata

Skill      XL: |  1  2  3  4  5  6  7  8  9 10 11 12 13 14 15 16 17 18 19 |
---------------+----------------------------------------------------------+-----
Spellcasting   | 4 5 6 7 8 9 10 11 12 13 14 | 14.2
Fighting       | 2 3 5 7 9 10 11 12 13 14 15 16 | 16.4
Stealth        | 2 3 5 6 7 8 9 10 | 10.0
Dodging        | 3 4 6 8 10 11 12 13 14 15 16 17 18 | 18.0
Invocations    | 4 6 8 9 10 11 13 | 13.0
Armour         | 1 4 6 7 9 |  9.7

Action                   |  1- 3 |  4- 6 |  7- 9 | 10-12 | 13-15 | 16-18 | 19-21 || total
-------------------------+-------+-------+-------+-------+-------+-------+-------++-------
Melee: Hand axe          |       |       |       |       |     2 |     5 |       ||     7
 Cast: Magic Dart        |    49 |    50 |    30 |    17 |    34 |     5 |     1 ||   186
       Searing Ray       |     5 |    19 |     6 |     3 |     4 |       |       ||    37
       Static Discharge  |       |     1 |       |     1 |       |       |       ||     2
       Fulminant Prism   |       |       |    83 |   137 |   258 |   217 |    26 ||   721
       Iskenderun's Myst |       |       |     5 |    33 |   105 |    66 |    18 ||   227
       Summon Ice Beast  |       |       |       |    44 |    11 |       |       ||    55
       Tukima's Dance    |       |       |       |     4 |     3 |     2 |       ||     9
       Slow              |       |       |       |     2 |     1 |       |       ||     3
       Petrify           |       |       |       |     1 |       |       |       ||     1
       Irradiate         |       |       |       |       |    64 |    65 |    39 ||   168
       Iron Shot         |       |       |       |       |    14 |   239 |   149 ||   402
       Dispersal         |       |       |       |       |       |     1 |       ||     1
Invok: Lesser Servant of |       |       |       |       |       |     1 |       ||     1
       Major Destruction |       |       |       |       |       |     3 |       ||     3
  Use: Scroll            |       |     8 |     7 |    11 |     2 |     4 |     4 ||    36
       Potion            |       |       |       |     1 |       |     1 |     8 ||    10
Armor: Robe              |     1 |     4 |     8 |       |       |       |       ||    13
       Acid dragon scale |       |       |       |    12 |    56 |    82 |    60 ||   210
Dodge: Dodged            |     7 |    27 |    23 |   100 |   175 |   123 |    50 ||   505
Block: Kite shield       |       |       |       |       |       |     8 |    32 ||    40

Table legend: (Time is in decaauts)
 A = Elapsed time spent in this place.
 B = Non-inter-level travel time spent in this place.
 C = Inter-level travel time spent in this place.
 D = Time resting spent in this place.
 E = Time spent auto-exploring this place.
 F = Levels seen in this place.
 G = Mean time per level.
                   A        B        C        D        E       F      G
               +--------+--------+--------+--------+--------+-----+--------+
         Total |  41412 |  38227 |   3185 |  14768 |  15530 |  33 | 1254.9 |
       Dungeon |  20387 |  19029 |   1358 |   7514 |   8010 |  15 | 1359.1 |
        Temple |     13 |      8 |      5 |      0 |      0 |   1 |   13.0 |
          Lair |   7401 |   6618 |    783 |   2705 |   2771 |   5 | 1480.2 |
         Swamp |   4683 |   4510 |    173 |   2069 |   1583 |   4 | 1170.8 |
   Spider Nest |   4962 |   4188 |    774 |   1090 |   2088 |   4 | 1240.5 |
  Orcish Mines |   1627 |   1538 |     89 |    240 |    574 |   2 |  813.5 |
        Vaults |    155 |    155 |      0 |      7 |     86 |   1 |  155.0 |
      Ice Cave |   2180 |   2180 |      0 |   1142 |    418 |   1 | 2180.0 |
               +--------+--------+--------+--------+--------+-----+--------+

Top non-repeatable levels by time:
     D:4: 3031 daAuts
    D:13: 2184 daAuts
   IceCv: 2180 daAuts
  Lair:1: 1986 daAuts
Spider:4: 1963 daAuts
  Lair:3: 1724 daAuts
     D:3: 1688 daAuts
  Lair:2: 1575 daAuts
    D:10: 1573 daAuts
 Swamp:2: 1560 daAuts
    D:12: 1544 daAuts
     D:7: 1380 daAuts
   Orc:2: 1375 daAuts
 Swamp:4: 1320 daAuts
  Lair:5: 1297 daAuts
